 Dungeon Crawl Stone Soup version 0.31.0-12-g77e489cdc1 (webtiles) character file.

Game seed: 3284589416173659631

2172 ANNNA the Trooper (level 9, -1/118 HPs)
             Began as a Minotaur Berserker on Feb 19, 2024.
             Was an Elder of Trog.
             Slain by an orc warrior
             ... wielding a +0 mace
              (10 damage)
             ... on level 8 of the Dungeon.
             The game lasted 00:14:44 (5607 turns).

ANNNA the Trooper (Minotaur Berserker)              Turns: 5607, Time: 00:14:45

Health: -1/118     AC:  7    Str: 24    XL:     9   Next: 11%
Magic:  10/10      EV: 13    Int:  4    God:    Trog [****..]
Gold:   475        SH:  0    Dex: 12    Spells: 8/8 levels left

rFire   . . .        t - +0 war axe
rCold   . . .        (no shield)
rNeg    . . .        B - +0 ring mail {rPois}
rPois   +            (helmet restricted)
rElec   .            (no cloak)
rCorr   .            v - +0 pair of gloves
SInv    +            (no boots)
Will    +++..        (no amulet) Stlth
                     u - ring of see invisible
HPRegen 1.39/turn    z - ring of willpower
MPRegen 0.12/turn

%: no passive effects
@: berserking, lethally poisoned (-1 -> -7), strong-willed, regenerating, very
quick
A: horns 2, retaliatory headbutt
a: Renounce Religion, Berserk, Trog's Hand, Brothers in Arms


You were on level 8 of the Dungeon.
You worshipped Trog.
Trog was greatly pleased with you.
You visited 1 branch of the dungeon, and saw 8 of its levels.

You collected 555 gold pieces.
You spent 80 gold pieces at shops.

Inventory:

Hand Weapons
 t - a +0 war axe (weapon)
 E - the +5 hammer "Dufax" {antimagic, Fly Will++ Dex+4}
   (You found it on level 7 of the Dungeon)

   Dex+4:     It affects your dexterity (+4).
   Will++:    It greatly increases your willpower.
   Fly:       It grants you flight.
Missiles
 b - 100 stones (quivered)
 l - a throwing net
 H - 2 poisoned darts
Armour
 a - a +0 scale mail
 v - a +0 pair of gloves (worn)
 B - a +0 ring mail of poison resistance (worn)
Jewellery
 u - a ring of see invisible (left hand)
 z - a ring of willpower (right hand)
 C - a ring of ice
 F - a ring of resist corrosion
Wands
 A - a wand of iceblast (15)
 I - a wand of mindburst (17)
Scrolls
 c - a scroll of acquirement {unknown}
 d - 2 scrolls of enchant weapon
 e - 6 scrolls of blinking
 g - 6 scrolls of teleportation
 h - 2 scrolls of immolation {unknown}
 k - a scroll of brand weapon {unknown}
 p - a scroll of summoning {unknown}
 q - a scroll of fog {unknown}
 s - a scroll of noise
 w - a scroll of vulnerability {unknown}
 y - a scroll of poison {unknown}
 D - 2 scrolls of identify
 G - a scroll of fear {unknown}
Potions
 f - 4 potions of haste
 i - 2 potions of heal wounds {unknown}
 j - 2 potions of lignification {unknown}
 m - 2 potions of curing {unknown}
 n - 4 potions of invisibility
 o - 3 potions of cancellation
 r - a potion of magic {unknown}
 x - 2 potions of resistance {unknown}


   Skills:
 * Level 7.1 Fighting
 * Level 7.1 Axes
 * Level 6.6 Armour
 * Level 5.9 Dodging
 + Level 3.2 Stealth
 + Level 3.9 Shields
 + Level 3.3 Invocations


You had 8 spell levels left.
You didn't know any spells.
Your spell library was empty.

Dungeon Overview and Level Annotations

Branches:
Dungeon (8/15)             Temple (0/1) D:7
   Lair: D:8-11

Altars:

Shops:
D:3 *

Annotations:
D:7 1 runed translucent door, Crazy Yiuf


Innate Abilities, Weirdness & Mutations

You have a pair of horns on your head.
You reflexively headbutt those who attack you in melee.


Message History

Trog accepts your kill.
You hit the bullfrog. You barely miss the orc warrior.
You feel extremely sick. The bullfrog hits you. The hornet stings you.
The bullfrog hits you but does no damage.
The orc warrior hits you but does no damage.
The hornet stings you.
You are more poisoned.
The bullfrog barely misses you.
Unknown command.
A red film seems to cover your vision as you go berserk!
You feel yourself moving faster!
You feel mighty!
You feel yourself speed up.
You feel extremely sick. The hornet misses you. The bullfrog hits you.
The kobold misses you. The orc warrior barely misses you.
You furiously retaliate!
You headbutt the orc warrior. The hornet stings you!
* * * LOW HITPOINT WARNING * * *
You feel yourself slow down. The bullfrog barely misses you.
You furiously retaliate!
You headbutt the bullfrog!
You kill the bullfrog!
Trog accepts your kill.
The orc warrior hits you but does no damage.
The kobold hits you but does no damage.
You slash the orc warrior!
The orc warrior is heavily wounded.
You slash the kobold!
You kill the kobold!
Trog accepts your kill.
You completely miss the hornet. You hit the centaur.
You feel yourself speed up.
You feel very sick. The hornet stings you.
* * * LOW HITPOINT WARNING * * *
The centaur hits you.
* * * LOW HITPOINT WARNING * * *
The centaur barely misses you. The hornet stings you!
* * * LOW HITPOINT WARNING * * *
The orc warrior hits you with a +0 mace!
You die...

#..............####.####..###.#
#............#...........## #.#
##........................# #.#
...........................#
#.#
##.......................>.#
#.#
.............................
..............................
#######.###.)...oo.............
#.###.##..@y.............
#.##..###..cK..... ##.##.##
####o.#### #..##.# ..... ##
#.##..# ..... .#####.##.##
..... ...##.....# ....
.......#### .... ......##


You could see a hornet, an orc warrior, a centaur, an orc wizard, an orc and a
kobold.

Vanquished Creatures
  3 yaks (D:8)
  A wyvern (D:8)
  2 ice beasts (D:7)
  A sky beast (D:7)
  A black bear (D:5)
  A kobold brigand (D:8)
  2 phantoms
  3 bullfrogs
  A scorpion (D:5)
  3 howler monkeys (D:7)
  5 hounds
  2 orc priests
  A gnoll bouda (D:5)
  An orc wizard (D:3)
  2 iguanas
  11 gnolls
  8 adders
  2 shadow imps
  4 white imps
  A ribbon worm (D:3)
  A dart slug (D:3)
  19 orcs
  4 bats
  9 endoplasms
  4 giant cockroaches
  7 goblins
  11 hobgoblins
  2 jackals (D:1)
  4 quokkas
  8 ball pythons
  3 frilled lizards (D:3)
  15 kobolds
  4 rats
146 creatures vanquished.

Notes
Turn   | Place    | Note
-------+----------+-------------------------------------------
     0 | D:1      | ANNNA the Minotaur Berserker began the quest for the Orb.
     0 | D:1      | Reached XP level 1. HP: 19/19 MP: 0/0
   247 | D:1      | Reached XP level 2. HP: 27/27 MP: 1/1
   855 | D:2      | Reached XP level 3. HP: 33/33 MP: 2/2
   957 | D:2      | Reached ** piety under Trog
  1111 | D:2      | Reached XP level 4. HP: 13/40 MP: 3/3
  1115 | D:2      | Reached skill level 1 in Stealth
  1329 | D:2      | Reached skill level 1 in Shields
  1630 | D:2      | Found a faded altar of an unknown god.
  1759 | D:3      | Identified the +8 sling "Udefady" {heavy, rElec rN+ Str-4}
  2122 | D:3      | Reached skill level 1 in Invocations
  2138 | D:3      | Reached XP level 5. HP: 27/47 MP: 4/4
  2298 | D:3      | Reached *** piety under Trog
  2330 | D:3      | Found Velang's General Store.
  2333 | D:3      | Bought 3 scrolls of identify for 60 gold pieces
  2333 | D:3      | Bought a scroll of identify for 20 gold pieces
  2683 | D:4      | Reached XP level 6. HP: 53/53 MP: 5/5
  2968 | D:4      | Reached skill level 5 in Fighting
  3111 | D:5      | Entered Level 5 of the Dungeon
  3129 | D:5      | Reached skill level 5 in Axes
  3546 | D:5      | Reached XP level 7. HP: 60/61 MP: 7/7
  4119 | D:6      | Reached skill level 5 in Armour
  4325 | D:6      | Identified the +2 chain mail of Inaction {Harm}
  4380 | D:6      | Reached **** piety under Trog
  4514 | D:7      | Reached XP level 8. HP: 66/70 MP: 8/8
  4788 | D:7      | Reached skill level 5 in Dodging
  4866 | D:7      | Found a runed translucent door.
  4869 | D:7      | Noticed Crazy Yiuf
  4881 | D:7      | Identified the +5 hammer "Dufax" {antimagic, Fly Will++
                  | Dex+4}
  4974 | D:7      | Found a staircase to the Ecumenical Temple.
  5362 | D:8      | Reached XP level 9. HP: 20/79 MP: 10/10
  5607 | D:8      | Slain by an orc warrior

Illustrated notes

Levels and vault maps discovered:
D:1:      reono_arrival_forest_river, layout_loops_corners, minmay_misc_feat_iff
D:2:      layout_rooms, shapermc_ecumenical_altar_mp_vishouse,
          minmay_misc_feat_cross, st_stairs_3, minmay_close_crescents
D:3:      corexii_shack_village, layout_basic, serial_shops, nicolae_shop_trees,
          dk_vineyard_1, minmay_increasing_density
D:4:      layout_loops_cross
D:5:      layout_gridville, saegor_snake_ambush
D:6:      layout_gridville, sigmund_army
D:7:      layout_rooms, temple_statues, uniq_crazy_yiuf_cottage
D:8:      layout_rooms

Skill      XL: |  1  2  3  4  5  6  7  8 |
---------------+-------------------------+-----
Armour         | 3 4 5 6 |  6.6
Fighting       | 4 5 7 |  7.1
Axes           | 4 5 7 |  7.1
Stealth        | 1 2 3 |  3.2
Shields        | 1 2 3 |  3.9
Dodging        | 3 4 5 |  5.9
Invocations    | 1 2 3 |  3.3

Action                     |  1- 3 |  4- 6 |  7- 9 || total
---------------------------+-------+-------+-------++-------
  Melee: Hand axe          |    71 |    89 |       ||   160
         Headbutt          |    11 |    17 |    22 ||    50
         Punch             |     1 |     1 |     1 ||     3
         War axe           |       |    51 |   114 ||   165
  Throw: Stone             |     4 |       |     1 ||     5
         Dart              |       |       |     5 ||     5
 Invoke: Berserk           |       |     1 |     1 ||     2
         Trog's Hand       |       |     1 |     1 ||     2
    Use: Scroll            |       |     7 |       ||     7
 Armour: Ring mail         |    34 |    46 |    84 ||   164
         Scale mail        |       |    31 |    29 ||    60
  Dodge: Dodged            |    50 |    69 |    93 ||   212
